 Dungeon Crawl Stone Soup version 0.28.0-53-g5a82cb258f (webtiles) character file.

Game seed: 11727730707903383824

3378 issech the Protected (level 9, -6/70 HPs)
             Began as a Minotaur Monk on May 23, 2022.
             Was a Priest of Hepliaklqana.
             Mangled by Grum
             ... wielding a +1 spear
              (14 damage)
             ... on level 8 of the Dungeon.
             The game lasted 00:35:42 (8739 turns).

issech the Protected (Minotaur Monk)                Turns: 8739, Time: 00:35:42

Health: -6/70      AC: 19    Str: 15    XL:     9   Next: 74%
Magic:  8/8        EV:  7    Int:  7    God:    Hepliaklqana [***...]
Gold:   444        SH:  5    Dex: 21    Spells: 8/8 levels left

rFire   . . .      SeeInvis +   M - +3 flail "Dosy" {vorpal, Will+ Dex+3 Stlth+}
rCold   . . .      Faith    .   g - +0 buckler
rNeg    . . .      Spirit   .   k - +0 plate armour
rPois   +          Reflect  .   (helmet restricted)
rElec   .          Harm     .   G - +0 cloak
rCorr   .          Rampage  .   V - +1 pair of gloves
Will    +....                   C - +0 pair of boots
Stlth   ..........              (no amulet)
HPRegen 0.21/turn               m - ring of see invisible
MPRegen 0.11/turn               S - ring of poison resistance

@: no status effects
A: reduced essence, horns 2, retaliatory headbutt
a: Renounce Religion, Recall Ancestor, Ancestor Identity, Transference


You were on level 8 of the Dungeon.
You worshipped Hepliaklqana.
Hepliaklqana was most pleased with you.
You visited 2 branches of the dungeon, and saw 9 of its levels.
You also visited: Sewer.

You collected 444 gold pieces.

Inventory:

Hand Weapons
 b - a +0 vorpal mace
 u - the +9 dagger "Jiukoasep" {flame, *Noise rElec Str+10 Dex-4}
   (You found it on level 2 of the Dungeon)

   It burns those it strikes, dealing additional fire damage.
   Str:       It affects your strength (+10).
   Dex:       It affects your dexterity (-4).
   rElec:     It insulates you from electricity.
   *Noise:    It may make noises in combat.
 v - a +4 short sword
 y - a +3 dagger
 A - a +1 whip of draining
 D - the +8 quarterstaff of Vaodal {drain, rElec rCorr Int-4}
   (You found it on level 5 of the Dungeon)

   A truly terrible weapon, it drains the life of any living foe it strikes.
   Int:       It affects your intelligence (-4).
   rElec:     It insulates you from electricity.
   rCorr:     It protects you from acid and corrosion.
 H - a +0 hand crossbow
 K - a +0 fustibalus
 M - the +3 flail "Dosy" (weapon) {vorpal, Will+ Dex+3 Stlth+}
   (You found it on level 4 of the Dungeon)

   It inflicts extra damage upon your enemies.
   Dex:       It affects your dexterity (+3).
   Will:      It increases your willpower.
   Stlth:     It makes you more stealthy.
 P - a +1 spear of freezing
 R - a +0 broad axe
 W - a +0 dagger of holy wrath
 X - a +1 short sword of venom
Missiles
 d - 227 stones (quivered)
 l - a curare-tipped dart
 n - 10 poisoned darts
 o - a throwing net
 s - 82 bolts
 E - 91 arrows
 L - 3 javelins
 N - 3 boomerangs
 O - 95 sling bullets
Armour
 g - a +0 buckler (worn)
 k - a +0 plate armour (worn)
 C - a +0 pair of boots (worn)
 F - a scarf of invisibility
 G - a +0 cloak (worn)
 V - a +1 pair of gloves (worn)
Jewellery
 m - a ring of see invisible (left hand)
 w - an amulet of faith
 S - a ring of poison resistance (right hand)
Wands
 q - a wand of iceblast (16)
 x - a wand of acid (11)
 J - a wand of polymorph (13)
Scrolls
 a - 3 scrolls of teleportation
 i - 6 scrolls of identify
 B - a scroll of summoning
 Q - a scroll of fear {unknown}
 T - 2 scrolls of enchant weapon
 U - a scroll of holy word
 Y - 3 scrolls of enchant armour
 Z - 2 scrolls of immolation
Potions
 c - 4 potions of ambrosia {unknown}
 e - 6 potions of curing {unknown}
 f - 4 potions of brilliance {unknown}
 h - a potion of magic {unknown}
 j - 4 potions of heal wounds {unknown}
 p - 3 potions of mutation {unknown}
 r - 5 potions of might {unknown}
 t - a potion of lignification {unknown}
 z - a potion of cancellation {unknown}
 I - 2 potions of haste {unknown}


   Skills:
 + Level 6.4 Fighting
 + Level 3.6 Short Blades
 + Level 4.3(6.8) Axes
 + Level 8.1(8.6) Maces & Flails
 + Level 1.3(1.8) Slings
 + Level 1.7(2.0) Throwing
 + Level 9.0 Armour
 + Level 6.5 Dodging
 + Level 3.3 Stealth
 + Level 2.7 Shields


You had 8 spell levels left.
You didn't know any spells.
Your spell library contained the following spells:

 Spells                   Type           Power      Damage    Failure   Level
 Pain                     Necr           0%         1d4       100%        1
 Portal Projectile        Hex/Tloc       0%         N/A       100%        3
 Agony                    Necr           0%         N/A       100%        5
 Blade Hands              Tmut           0%         N/A       100%        5
 Excruciating Wounds      Necr           0%         N/A       100%        5


Dungeon Overview and Level Annotations

Branches:
Dungeon (8/15)             Temple (1/1) D:5           Sewer (visited)
   Lair: D:8-11

Altars:
Ashenzari
Cheibriados
Dithmenos
Elyvilon
Gozag
Hepliaklqana
Kikubaaqudgha
Makhleb
Nemelex Xobeh
Okawaru
Qazlal
Ru
Sif Muna
Trog
Uskayaw
Vehumet
Wu Jian
Xom
Yredelemnul
Zin
The Shining One

Shops:
D:5 **

Annotations:
D:4 2 transporters
D:8 Grum


Innate Abilities, Weirdness & Mutations

Your life essence is reduced to manifest your ancestor. (-10% HP)
You have a pair of horns on your head.
You reflexively headbutt those who attack you in melee.


Message History

The wolf bites you but does no damage. x2
You hit the wolf but do no damage.
The wolf is heavily wounded.
The wolf bites you. The wolf barely misses you. You furiously retaliate!
You headbutt the wolf!
You kill the wolf!
Grum barks.
Grum hits you but does no damage. You block the wolf's attack.
Your Dodging skill increases to level 6!
You hit the wolf.
The wolf is heavily wounded.
The wolf bites you!
Grum hits you from afar with a +1 spear!
* * * LOW HITPOINT WARNING * * *
The orc hits you but does no damage. The wolf completely misses you.
Grum barely misses you.
You sock the wolf!
You kill the wolf!
The orc hits you but does no damage.
Septimus casts a spell at the orc.
The stone arrow misses the orc.
Grum hits you but does no damage.
You hit the orc. Your headbutt misses the orc.
The orc is heavily wounded.
The orc barely misses you. The orc hits you but does no damage.
You block Grum's attack.
You completely miss the orc. You headbutt the orc.
You kill the orc!
The orc completely misses you. Grum hits you but does no damage.
You thump the orc!
You kill the orc!
You block Grum's attack.
You swap places.
You block Grum's attack.
There is an open door, spattered with blood here.
You barely miss Grum. You headbutt Grum, but do no damage.
Grum hits you with a +1 spear!
* * * LOW HITPOINT WARNING * * *
You sock Grum!
Grum is moderately wounded.
Grum hits you with a +1 spear!
You die...

.......# ## # ......# .. #
#.....# .. .... # ###.....##.
......## .......... ......#.
......... .....+. ......)g#
#...## ###@########+##...##
#..R##..............
#...................
#...................
...#............##...## . ....
#....#............##...## . .....
#... #.................<. # #..#
#..# #...##.......##.....
###..####..###...##.......##.....


You could see the friendly Septimus the battlemage and Grum (ally target).

Vanquished Creatures
  A wyvern (D:6)
  A steam dragon (D:7)
  A sky beast (D:5)
  A necrophage (D:6)
  A black bear (D:5)
  3 ogres
  3 wolves (D:8)
  A kobold brigand (Sewer)
  A scorpion (D:4)
  2 centaur zombies (D:7)
  A crimson imp (D:8)
  A hound (D:6)
  5 orc priests
  A jelly (D:7)
  2 iguanas
  4 orc wizards
  A killer bee zombie (D:6)
  2 hound skeletons
  A howler monkey zombie (D:6)
  2 gnolls
  4 adders
  A shadow imp (D:5)
  A white imp (D:5)
  An adder skeleton (D:3)
  2 worms (D:4)
  A dart slug (D:2)
  25 orcs
  12 ball pythons
  8 endoplasms
  8 giant cockroaches
  12 goblins
  9 hobgoblins
  2 jackals (D:1)
  5 quokkas
  5 bats
  2 frilled lizards
  19 kobolds
  6 rats
158 creatures vanquished.

Vanquished Creatures (collateral kills)
  A two-headed ogre (D:6)
  A water moccasin (D:6)
  An orc warrior (D:7)
  An ogre (D:7)
  A centaur (D:8)
  A kobold brigand (D:8)
  A bullfrog (D:8)
  A gnoll sergeant (D:8)
  A jelly (D:5)
  A howler monkey (D:7)
  A centaur zombie (D:7)
  A hound (D:7)
  A centaur skeleton (D:7)
  4 orc wizards
  3 gnolls (D:8)
  A white imp (D:8)
  7 orcs
  2 kobolds (D:8)
30 creatures vanquished.

Vanquished Creatures (others)
  2 kobolds (D:8)
  2 plants (Sewer)
4 creatures vanquished.

Grand Total: 192 creatures vanquished

Notes
Turn   | Place    | Note
-------+----------+-------------------------------------------
     0 | D:1      | issech the Minotaur Monk began the quest for the Orb.
     0 | D:1      | Reached XP level 1. HP: 19/19 MP: 0/0
   159 | D:1      | Found a faded altar of an unknown god.
   324 | D:1      | Reached XP level 2. HP: 7/27 MP: 1/1
  1434 | D:2      | Identified the +9 dagger "Jiukoasep" {flame, *Noise rElec
                  | Str+10 Dex-4}
  1513 | D:2      | Reached XP level 3. HP: 33/33 MP: 2/2
  1995 | D:3      | Found a bloodstained altar of Trog.
  2023 | D:3      | Reached XP level 4. HP: 38/41 MP: 3/3
  2125 | D:3      | Reached skill level 1 in Slings
  2126 | D:3      | Found a glowing drain.
  2141 | Sewer    | Entered a sewer
  2206 | Sewer    | Noticed a kobold brigand
  2217 | Sewer    | Killed a kobold brigand
  2218 | Sewer    | Reached skill level 1 in Short Blades
  2218 | Sewer    | Reached skill level 1 in Armour
  2218 | Sewer    | Reached XP level 5. HP: 19/47 MP: 4/4
  3225 | D:3      | Reached skill level 2 in Armour
  3359 | D:3      | Reached XP level 6. HP: 47/53 MP: 5/5
  3867 | D:4      | Reached skill level 3 in Armour
  4189 | D:4      | Identified the +3 flail "Dosy" {vorpal, Will+ Dex+3 Stlth+}
  4352 | D:4      | Found a transporter.
  4371 | D:4      | Found a transporter.
  4843 | D:5      | Entered Level 5 of the Dungeon
  4857 | D:5      | Found Enesin's Specific Store.
  4866 | D:5      | Reached skill level 1 in Shields
  4994 | D:5      | Noticed a sky beast
  5007 | D:5      | Killed a sky beast
  5008 | D:5      | Reached skill level 5 in Fighting
  5008 | D:5      | Reached skill level 4 in Armour
  5008 | D:5      | Reached XP level 7. HP: 54/61 MP: 6/6
  5067 | D:5      | Reached skill level 5 in Dodging
  5242 | D:5      | Identified the +8 quarterstaff of Vaodal {drain, rElec
                  | rCorr Int-4}
  5267 | D:5      | Found a staircase to the Ecumenical Temple.
  5278 | Temple   | Entered the Ecumenical Temple
  5288 | Temple   | Became a worshipper of Hepliaklqana the Forgotten
  5288 | Temple   | Reached * piety under Hepliaklqana
  5288 | Temple   | Reached ** piety under Hepliaklqana
  5289 | Temple   | Remembered your ancestor Septimus as a battlemage
  5424 | D:5      | Found a radiant altar of Vehumet.
  5484 | D:5      | Reached skill level 1 in Maces & Flails
  5484 | D:5      | Reached skill level 1 in Throwing
  5515 | D:5      | Found a snail-covered altar of Cheibriados.
  5515 | D:5      | Found an ancient bone altar of Kikubaaqudgha.
  5544 | D:5      | Found Bokhlyvick's General Store.
  5897 | D:5      | Reached skill level 5 in Armour
  6155 | D:6      | Reached XP level 8. HP: 36/61 MP: 7/7
  6442 | D:6      | Reached skill level 6 in Armour
  6483 | D:6      | Found a shimmering altar of Xom.
  6850 | D:6      | Reached skill level 5 in Maces & Flails
  7003 | D:6      | Noticed a two-headed ogre
  7010 | D:6      | Killed a two-headed ogre
  7011 | D:6      | Reached skill level 7 in Armour
  7011 | D:6      | Reached XP level 9. HP: 35/67 MP: 8/8
  7478 | D:7      | Reached *** piety under Hepliaklqana
  7973 | D:7      | Reached skill level 8 in Armour
  8721 | D:8      | Noticed Grum
  8728 | D:8      | Reached skill level 9 in Armour
  8739 | D:8      | Mangled by Grum

Illustrated notes

Levels and vault maps discovered:
D:1:      matt_arrival_spirals, layout_basic, nicolae_ecumenical_snake_handling
D:2:      layout_loops_cross, serial_glass, glass_columns_c, glass_columns_a
D:3:      minmay_thinvault, layout_basic, lemuel_doored_altar,
          gup_sewer_entry_pipe
D:4:      gammafunk_wand_slinger, layout_basic, minmay_statues_item,
          hangedman_decor_riveting
D:5:      layout_gridville, fiery_altar_vehumet,
          mainiacjoe_overflow_divided_tiny, minmay_temple_entry_antechambers,
          dk_noncrumbling_4, grunt_decor_one_mirror, minmay_misc_feat_encased,
          nicolae_specific_store, minmay_misc_feat_five, glass_columns_b
D:6:      lemuel_ice_spiral_2, layout_basic, mainiacjoe_overflow_six_doors_small
D:7:      layout_loops_cross, hangedman_decor_diamond_cutter
D:8:      layout_gridville, minmay_fire_ice_demons, uniq_grum
Temple:   nicolae_temple_x_marks_the_god

Skill      XL: |  1  2  3  4  5  6  7  8  9 |
---------------+----------------------------+-----
Fighting       | 4 5 6 |  6.4
Axes           | 4 |  4.3
Stealth        | 2 3 |  3.3
Slings         | 1 |  1.3
Short Blades   | 1 2 3 |  3.6
Armour         | 1 2 4 5 7 9 |  9.0
Dodging        | 4 5 6 |  6.5
Shields        | 1 2 |  2.7
Maces & Flails | 3 6 8 |  8.1
Throwing       | 1 |  1.7

Action                   |  1- 3 |  4- 6 |  7- 9 || total
-------------------------+-------+-------+-------++-------
Melee: Hand axe          |    22 |       |       ||    22
       Dagger            |    18 |   128 |       ||   146
       Headbutt          |     1 |    14 |    35 ||    50
       Flail             |       |    18 |   137 ||   155
 Fire: Hunting sling     |    21 |       |       ||    21
Throw: Stone             |     6 |    16 |    10 ||    32
Invok: Ancestor Life: Ba |       |       |     1 ||     1
  Use: Scroll            |       |     4 |     4 ||     8
 Stab: Sleeping          |     1 |       |       ||     1
       Distracted        |       |       |     3 ||     3
Armor: Robe              |     9 |       |       ||     9
       Ring mail         |     4 |    11 |       ||    15
       Scale mail        |       |    25 |    19 ||    44
       Chain mail        |       |       |    32 ||    32
       Plate armour      |       |       |    46 ||    46
Dodge: Dodged            |    35 |    67 |    69 ||   171
Block: Buckler           |     1 |    25 |    39 ||    65
